 Dungeon Crawl Stone Soup version 0.32-a0-361-g289a535 (webtiles) character file.

Game seed: 16902311336815850660

360 Nithhogg the Trooper (level 6, -3/55 HPs)
             Began as a Mountain Dwarf Fighter on Feb 18, 2024.
             Slain by an orc wizard
             ... wielding a +0 dagger of electrocution
              (19 damage)
             ... on level 3 of the Dungeon.
             The game lasted 00:03:31 (2239 turns).

Nithhogg the Trooper (Mountain Dwarf Fighter)       Turns: 2239, Time: 00:03:32

Health: -3/55      AC:  7    Str: 21    XL:     6   Next: 38%
Magic:  9/9        EV:  9    Int:  8    God:
Gold:   54         SH:  0    Dex:  9    Spells: 5/5 levels left

rFire   . . .        a - +0 war axe
rCold   . . .        (no shield)
rNeg    . . .        b - +0 scale mail
rPois   .            (no helmet)
rElec   .            (no cloak)
rCorr   .            (no gloves)
SInv    .            (no boots)
Will    .....        (no amulet) Stlth
                     q - ring of flight
HPRegen 0.29/turn    (no ring)
MPRegen 0.11/turn

%: no passive effects
@: confused, flying
A: runic magic, artefact enchanting
a: no special abilities


You were on level 3 of the Dungeon.
You visited 1 branch of the dungeon, and saw 4 of its levels.

You collected 54 gold pieces.

Inventory:

Hand Weapons
 a - a +0 war axe (weapon)
Missiles
 f - a throwing net (quivered)
 h - 5 poisoned darts
 j - 5 darts of dispersal
Armour
 b - a +0 scale mail (worn)
 c - a +0 buckler
Jewellery
 q - a ring of flight (left hand)
Scrolls
 e - 2 scrolls of revelation {unknown}
 g - a scroll of noise {unknown}
 i - 2 scrolls of butterflies {unknown}
 k - a scroll of blinking {unknown}
 m - a scroll of enchant armour {unknown}
 o - a scroll of fear {unknown}
 p - a scroll of vulnerability {unknown}
Potions
 d - 2 potions of might
 l - a potion of mutation {unknown}
 n - a potion of magic {unknown}


   Skills:
 + Level 4.8 Fighting
 + Level 4.6 Axes
 + Level 4.8 Armour
 - Level 3.2 Shields
 + Level 4.0 Invocations


You had 5 spell levels left.
You didn't know any spells.
Your spell library contained the following spells:

 Spells                   Type           Power      Damage    Failure   Level
 Gell's Gravitas          Tloc           0%         N/A       86%         3
 Teleport Other           Tloc           0%         N/A       86%         3
 Dispersal                Tloc           0%         N/A       100%        6


Dungeon Overview and Level Annotations

Branches:
Dungeon (4/15)
 Temple: D:4-7

Altars:


Innate Abilities, Weirdness & Mutations

Your spellcasting is much less encumbered by armour.
You can use scrolls of enchantment on lesser artefacts.


Message History

You can't go down here!
An orc comes into view. It is wielding a +0 short sword.
There is a stone staircase leading up here.
The orc wizard gestures at you while chanting.
You are confused.
There are monsters nearby!
The orc wizard hits you with a +0 dagger of electrocution.
You fly upwards.
There is a stone staircase leading down here.
You are too confused!
You are too confused!
You are too confused!
You are too confused!
The orc wizard barely misses you.
You barely miss the orc wizard. The orc wizard casts a spell at you.
The puff of flame hits you!
You hit the orc wizard.
The orc wizard is moderately wounded.
You feel less confused. The orc wizard closely misses you.
The orc wizard gestures at you while chanting.
You are confused.
You barely miss the orc wizard.
The orc wizard is moderately wounded.
The orc wizard hits you but does no damage.
You are electrocuted!!
You miss the orc wizard.
The orc wizard is moderately wounded.
The orc wizard misses you.
You bump into the rock wall.
The orc wizard barely misses you.
You're too confused to move!
The orc wizard casts a spell.
The orc wizard flickers and vanishes!
Deactivating autopickup; reactivate with Ctrl-A.
You bump into the rock wall.
Something hits you.
You closely miss something. Something hits you.
* * * LOW HITPOINT WARNING * * *
You are electrocuted!!
You die...

#........##.......
#.......).........
#............#
#............# ##
#...........$+ .#
#....:.......# .#
#............###.######
######'######..........
#@#.......#.......
#>{...............
####.####........# #.#
########.#
#.####......#.#
#......#....#.#
########...[#..
#####.......
#........#.#


There were no monsters in sight!

Vanquished Creatures
  An ice beast (D:3)
  2 orc priests
  Jessica (D:2)
  An orc wizard (D:2)
  3 adders
  7 dart slugs
  2 ribbon worms (D:2)
  5 orcs
  6 ball pythons
  5 endoplasms
  A giant cockroach (D:1)
  4 goblins
  4 hobgoblins
  3 jackals (D:2)
  2 quokkas (D:2)
  4 bats
  4 frilled lizards
  7 kobolds
  9 rats
71 creatures vanquished.

Notes
Turn   | Place    | Note
-------+----------+-------------------------------------------
     0 | D:1      | Nithhogg the Mountain Dwarf Fighter began the quest for the
                  | Orb.
     0 | D:1      | Reached XP level 1. HP: 19/19 MP: 1/1
    68 | D:1      | Reached XP level 2. HP: 26/26 MP: 2/2
    88 | D:1      | Reached skill level 1 in Invocations
   329 | D:1      | Reached XP level 3. HP: 26/33 MP: 4/4
  1013 | D:2      | Reached XP level 4. HP: 33/40 MP: 5/5
  1323 | D:2      | Noticed Jessica
  1326 | D:2      | Killed Jessica
  1618 | D:3      | Reached XP level 5. HP: 46/46 MP: 7/7
  2021 | D:3      | Reached XP level 6. HP: 39/53 MP: 8/8
  2079 | D:3      | Noticed an ice beast
  2127 | D:3      | Killed an ice beast
  2239 | D:3      | Slain by an orc wizard

Illustrated notes

Levels and vault maps discovered:
D:1:      psy_arrival_heroes, layout_basic
D:2:      layout_basic, kennysheep_jessica_study
D:3:      kennysheep_slugbush, layout_basic, uniq_natasha
D:4:      old_forge, layout_loops_ring, nicolae_concentric_dashed_squares_mild,
          minmay_starry_boxes, uniq_pikel

Skill      XL: |  1  2  3  4  5  6 |
---------------+-------------------+-----
Invocations    | 1 2 3 4 |  4.0
Axes           | 3 4 |  4.6
Armour         | 4 |  4.8
Fighting       | 4 |  4.8
Shields        | |  3.2

Action                     |  1- 3 |  4- 6 || total
---------------------------+-------+-------++-------
  Melee: War axe           |    91 |   103 ||   194
    Use: Potion            |       |     1 ||     1
 Armour: Scale mail        |    72 |   121 ||   193
  Dodge: Dodged            |    49 |    68 ||   117

Table legend: (Time is in decaauts)
 A = Elapsed time spent in this place.
 B = Non-inter-level travel time spent in this place.
 C = Inter-level travel time spent in this place.
 D = Time resting spent in this place.
 E = Time spent auto-exploring this place.
 F = Levels seen in this place.
 G = Mean time per level.
                   A        B        C        D        E       F      G
               +--------+--------+--------+--------+--------+-----+--------+
         Total |   2310 |   2231 |     79 |    227 |   1432 |   4 |  577.5 |
       Dungeon |   2310 |   2231 |     79 |    227 |   1432 |   4 |  577.5 |
               +--------+--------+--------+--------+--------+-----+--------+

Top non-repeatable levels by time:
     D:2: 1048 daAuts
     D:1: 799 daAuts
     D:3: 453 daAuts
     D:4: 10 daAuts
